Cogmind - Beta 10.2 *** ADVENTURER MODE // 2020.11.26 @ 18:31:09 // Halloween2020/ForbiddenLore Player: leiavoia Result: Destroyed by G-34 Mercenary with Small Laser Performance ------------- Evolutions (0) 0 Regions Visited (4) 800 Robots Destroyed (11) 55 Value Destroyed (130) 130 Prototype IDs (23) 460 Alien Tech Used (0) 0 Bonus (300) 300 TOTAL SCORE: 1745 Bonus ------- Aligned with FarCom 300 Cogmind --------- Core Integrity 0/250 Matter 288/300 Energy 100/100 System Corruption 2% Temperature Cool (6) Movement Walking (240) Ox4 Location -9/Mines Parts ------- > --- POWER (1) -------- (None) > --- PROPULSION (2) --- Aluminum Leg Compact Wheel > --- UTILITY (2) ------ Large Storage Unit High-capacity Storage Unit > --- WEAPON (2) ------- Makeshift Sword > --- INVENTORY (18) --- Flying Fortress v7 High-capacity Storage Unit High-capacity Battery (400) High-capacity Battery (400) Visual Processing Unit Experimental Sensor Array Signal Interpreter Improved Terrain Scanner Seismic Analyzer Peak State ------------ > --- POWER ------------ Light Ion Engine > --- PROPULSION ------- Compact Wheel Compact Wheel > --- UTILITY ---------- Large Storage Unit High-capacity Storage Unit > --- WEAPON ----------- Light Assault Rifle Makeshift Sword > --- INVENTORY -------- Light Ion Engine Aluminum Leg Aluminum Leg Flying Fortress v7 High-capacity Storage Unit Visual Processing Unit Experimental Sensor Array Signal Interpreter Improved Terrain Scanner Seismic Analyzer Light Assault Rifle Light Assault Rifle [Rating: 15] Favorites ----------- Power Light Ion Engine Engine Light Ion Engine Propulsion Compact Wheel Leg Aluminum Leg Wheel Compact Wheel Utility High-capacity Storage Unit Device Sensor Array Storage High-capacity Storage Unit Weapon Light Assault Rifle Ballistic Gun Light Assault Rifle Slashing Weapon Makeshift Sword Build | -11 -10 -10 -10 -9 ------- Run | Scr Mat Min Exi Min Slots Evolved . | . . . . . Power . | . . . . . Propulsion . | . . . . . Utility . | . . . . . Weapon . | . . . . . Parts Attached 25 | 8 4 4 9 . Power 2 | 1 . . 1 . Engine 2 | 1 . . 1 . Core . | . . . . . Reactor . | . . . . . Propulsion 6 | 2 2 . 2 . Treads . | . . . . . Leg 2 | . . . 2 . Wheel 4 | 2 2 . . . Hover . | . . . . . Flight . | . . . . . Utility 8 | 2 2 1 3 . Device 2 | 1 1 . . . Storage 6 | 1 1 1 3 . Processor . | . . . . . Hackware . | . . . . . Protection . | . . . . . Artifact . | . . . . . Weapon 9 | 3 . 3 3 . Energy Gun . | . . . . . Energy Cannon . | . . . . . Ballistic Gun 7 | 3 . 2 2 . Ballistic Cannon . | . . . . . Launcher . | . . . . . Special Weapon . | . . . . . Impact Weapon . | . . . . . Slashing Weapon 2 | . . 1 1 . Piercing Weapon . | . . . . . Special Melee Weapon . | . . . . . Unidentified Prototypes . | . . . . . Parts Lost 8 | . . 1 7 . Power 2 | . . . 2 . Propulsion 2 | . . . 2 . Utility 1 | . . 1 . . Weapon 3 | . . . 3 . Highest Loss Streak 4 | . . 1 4 . Average Slot Usage (%) 94 | . 100 99 88 . Engine 13 | . 14 14 12 . Leg 1 | . . . 2 . Wheel 26 | . 28 28 25 . Device 7 | . 14 13 . . Storage 16 | . 14 14 19 . Ballistic Gun 16 | . 28 16 14 . Slashing Weapon 11 | . . 11 12 . Naked Turns . | . . . . . Heaviest Build 54 | 11 23 39 54 50 Greatest Support 32 | 20 32 32 32 10 Greatest Overweight (x) 5 | . 1 1 5 4 Average Overweight (x) . | . . . 1 4 Largest Inventory Capacity 20 | 6 10 12 20 18 Average Capacity 12 | 5 9 11 14 18 Most Carried 15 | 4 10 12 15 12 Average Carried 11 | 2 6 11 12 12 Final Capacity 18 | 6 10 12 18 18 Final Carried 12 | 4 9 12 12 12 Class Distribution -------------------- 100% | Mutant Dominant Class ---------------- Mutant | -10/Materials Mutant | -10/Mines Mutant | -10/Exiles Mutant | -9/Mines Resources | -11 -10 -10 -10 -9 ----------- Run | Scr Mat Min Exi Min Matter Collected 472 | 286 21 113 52 . Remotely . | . . . . . Salvage Created 377 | 104 21 150 102 . Parts 18 | 3 4 11 . . Haulers Intercepted . | . . . . . Recyclers Shooed . | . . . . . Parts Field Recycled . | . . . . . Retrieved Matter . | . . . . . Parts Self-Destructed . | . . . . . Prevented . | . . . . . Kills | -11 -10 -10 -10 -9 ------- Run | Scr Mat Min Exi Min Combat Hostiles Destroyed 14 | . . 7 7 . Melee 10 | . . 4 6 . Guns 4 | . . 3 1 . Classes Destroyed 6 | 2 1 2 1 . Tunneler 2 | 1 . 1 . . Recycler 1 | 1 . . . . Watcher 1 | . 1 . . . Swarmer 6 | . . 6 . . Grunt 1 | . . 1 . . Assembled 7 | . . . 7 . Best Kill Streak 7 | 2 1 3 7 . Combat Bots Only 7 | . . 3 7 . Max Kills in Single Turn 1 | 1 1 1 1 . Gunslinging . | . . . . . Exploded . | . . . . . Melee 1 | . . 1 1 . Uniques/NPCs Destroyed . | . . . . . Combat | -11 -10 -10 -10 -9 -------- Run | Scr Mat Min Exi Min Damage Taken 1049 | . 13 166 862 8 Core 254 | . . 40 206 8 Absorbed by Shields . | . . . . . Core Remaining (%) 100 | 100 . . . . Volleys Fired 19 | 7 3 6 3 . Largest 2 | 2 2 2 2 . Hottest 40 | 40 40 40 40 . Shots Fired 38 | 14 6 12 6 . Gun 38 | 14 6 12 6 . Cannon . | . . . . . Launcher . | . . . . . Special . | . . . . . Kinetic 38 | 14 6 12 6 . Thermal . | . . . . . Explosive . | . . . . . Electromagnetic . | . . . . . Robot Hit Streak 10 | 6 7 5 10 . Robot Miss Streak 4 | 1 1 4 . . Penetration Max . | . . . . . Secondary Targets . | . . . . . Shots Hit Robots 47 | 10 4 21 12 . Core Hits 23 | 4 1 9 9 . Critical Hits . | . . . . . Critical Kills . | . . . . . Critical Parts Destroyed . | . . . . . Melee Attacks 31 | . . 19 12 . Impact . | . . . . . Slashing 31 | . . 19 12 . Piercing . | . . . . . Sneak Attacks 4 | . . 4 . . Combat Hostiles . | . . . . . Follow-up Attacks . | . . . . . Damage Inflicted 1407 | 117 40 901 349 . Guns 249 | 117 40 55 37 . Cannons . | . . . . . Explosions . | . . . . . Melee 1158 | . . 846 312 . Ramming . | . . . . . Kinetic 249 | 117 40 55 37 . Thermal . | . . . . . Explosive . | . . . . . Electromagnetic . | . . . . . Impact . | . . . . . Slashing 1158 | . . 846 312 . Piercing . | . . . . . Highest Corruption 2 | . . . 2 2 Average Corruption 2 | . . . 2 2 Corruption Purged . | . . . . . Effects 1 | . . . 1 . Data Loss (minor) 1 | . . . 1 . Overload Shots . | . . . . . Overflow Damage 244 | . . 244 . . Projectiles . | . . . . . Explosions . | . . . . . Melee 244 | . . 244 . . Knockbacks . | . . . . . Impact . | . . . . . Kinetic . | . . . . . Secondary . | . . . . . Self-Inflicted Damage . | . . . . . Shots . | . . . . . Rammed . | . . . . . Targets Rammed . | . . . . . Kicked . | . . . . . Crushed . | . . . . . Highest Temperature 15 | . . . 15 . Average Temperature 7 | . . . 7 . Received Heat Transfer 498 | . 9 63 420 6 Siege Activations . | . . . . . Robots Corrupted . | . . . . . Combat Hostiles . | . . . . . Parts Fried . | . . . . . Impact Corruptions . | . . . . . Robots Melted . | . . . . . Combat Hostiles . | . . . . . Parts Melted . | . . . . . Heat Transferred . | . . . . . Parts Sabotaged . | . . . . . Parts Stolen . | . . . . . Parts Stripped . | . . . . . Power Chain Reactions . | . . . . . Missiles Intercepted . | . . . . . Alert | -11 -10 -10 -10 -9 ------- Run | Scr Mat Min Exi Min Peak Influence 98 | 10 27 98 . . Initial 8 | . 5 8 . . Average 58 | 2 17 71 . . Maximum Alert Level . | . . . . . Low Security (%) 100 | 100 100 100 . 100 Level 1 . | . . . . . Level 2 . | . . . . . Level 3 . | . . . . . Level 4 . | . . . . . Level 5 . | . . . . . High Security . | . . . . . Max Security . | . . . . . Squads Dispatched 1 | . 1 . . . Investigation 1 | . 1 . . . Extermination . | . . . . . Reinforcement . | . . . . . Assault . | . . . . . Garrison . | . . . . . Intercept . | . . . . . Construction Impeded . | . . . . . Haulers Reinforced . | . . . . . Stealth | -11 -10 -10 -10 -9 --------- Run | Scr Mat Min Exi Min Distress Signals . | . . . . . Communications Jammed . | . . . . . Distress Signals . | . . . . . Times Spotted 26 | . 6 9 8 3 Peak Tracking Total 10 | . 4 3 10 . Tactical Retreats 3 | . . 2 1 . Traps | -11 -10 -10 -10 -9 ------- Run | Scr Mat Min Exi Min Traps Triggered 1 | . 1 . . . Indirectly . | . . . . . Trap Hack Attempts . | . . . . . Triggered . | . . . . . Disarmed . | . . . . . Reprogrammed . | . . . . . Reused . | . . . . . Traps Extracted . | . . . . . Installed . | . . . . . Triggered . | . . . . . Machines | -11 -10 -10 -10 -9 ---------- Run | Scr Mat Min Exi Min Machines Disabled 2 | . . . 2 . Max in Single Turn 1 | . . . 1 . Machines Sabotaged . | . . . . . Garrisons Compromised . | . . . . . Overloaded Fab Kills . | . . . . . Fab Network Shutdowns . | . . . . . Hacking | -11 -10 -10 -10 -9 --------- Run | Scr Mat Min Exi Min Machines Accessed 4 | . 3 . 1 . Terminals 2 | . 2 . . . Fabricators . | . . . . . Repair Stations . | . . . . . Recycling Units 1 | . 1 . . . Scanalyzers . | . . . . . Garrison Access . | . . . . . Total Hacks 5 | . 4 . 1 . Successful 3 | . 2 . 1 . Failed 2 | . 2 . . . Catastrophic . | . . . . . Database Lockouts . | . . . . . Manual 3 | . 2 . 1 . Terminals 3 | . 3 . . . Fabricators . | . . . . . Repair Stations . | . . . . . Recycling Units 1 | . 1 . . . Scanalyzers . | . . . . . Garrison Access . | . . . . . Terminal Hacks 2 | . 1 . 1 . Hauler Manifests 1 | . 1 . . . EX-Prototype ID Bank 1 | . . . 1 . Fabricator Hacks . | . . . . . Repair Station Hacks . | . . . . . Recycling Unit Hacks 1 | . 1 . . . Report Inventory 1 | . 1 . . . Scanalyzer . | . . . . . Garrison Access Hacks . | . . . . . Unauthorized Hacks . | . . . . . Terminals . | . . . . . Fabricators . | . . . . . Repair Stations . | . . . . . Recycling Units . | . . . . . Scanalyzers . | . . . . . Garrison Access . | . . . . . Data Cores Recovered . | . . . . . Used . | . . . . . Hacking Detections 2 | . 2 . . . Full Trace Events 1 | . 1 . . . Feedback Events . | . . . . . Feedback Blocked . | . . . . . Robot Schematics Acquired . | . . . . . Robots Built . | . . . . . Matter . | . . . . . Time . | . . . . . Total Robot Build Rating . | . . . . . Part Schematics Acquired . | . . . . . Parts Built . | . . . . . Matter . | . . . . . Time . | . . . . . Total Part Build Rating . | . . . . . Parts Repaired . | . . . . . Time . | . . . . . Parts Recycled . | . . . . . Recycled Matter . | . . . . . Retrieved Matter . | . . . . . Retrieved Components . | . . . . . Parts Scanalyzed . | . . . . . Part Schematics Acquired . | . . . . . Parts Damaged . | . . . . . Bothacking | -11 -10 -10 -10 -9 ------------ Run | Scr Mat Min Exi Min Used RIF Installer . | . . . . . Robots Hacked . | . . . . . Non-combat . | . . . . . Combat . | . . . . . Robot Hacks Applied . | . . . . . Relay Couplers Released . | . . . . . Robots Rewired . | . . . . . Allies Hacked . | . . . . . Hacks Repelled . | . . . . . Allies | -11 -10 -10 -10 -9 -------- Run | Scr Mat Min Exi Min Total Allies . | . . . . . Largest Group . | . . . . . Highest-Rated Group . | . . . . . Highest-Rated Ally . | . . . . . Total Orders . | . . . . . Ally Attacks . | . . . . . Total Damage . | . . . . . Kills . | . . . . . Allies Corrupted . | . . . . . Allies Melted . | . . . . . Intel | -11 -10 -10 -10 -9 ------- Run | Scr Mat Min Exi Min Robot Analysis Total . | . . . . . Derelict Logs Recovered 1 | . . 1 . . Drone Launches . | . . . . . Drone Recoveries . | . . . . . Exploration | -11 -10 -10 -10 -9 ------------- Run | Scr Mat Min Exi Min Turns Passed 1617 | 83 127 791 612 4 Spaces Moved 1323 | 63 109 672 477 2 Core 6 | 6 . . . . Treads . | . . . . . Legs 23 | . . . 21 2 Wheels 1294 | 57 109 672 456 . Hover . | . . . . . Flight . | . . . . . Fastest Speed 50 | 50 80 100 110 240 Average Speed 108 | 77 91 108 117 240 Slowest Speed 270 | 80 100 110 270 240 Overloaded Moves . | . . . . . Propulsion Burnouts . | . . . . . Robots Hopped . | . . . . . Cave-ins Triggered . | . . . . . Exploration Rate (%) 39 | 5 30 97 62 3 Regions Visited 4 Branch Regions 3 Pre-discovered Areas . | . . . . . Known Exits Taken 1 | . . . 1 . Unknown Exits Taken 3 | 1 1 1 . . Scrap Searched 1 | . . 1 . . Spaces Dug 3 | . . 1 2 . Terrain Destroyed 3 | . . 1 2 . Melee 3 | . . 1 2 . Projectile . | . . . . . AOE . | . . . . . Terrain Rammed . | . . . . . Walls Destroyed . | . . . . . Machines Disabled . | . . . . . Actions | -11 -10 -10 -10 -9 --------- Run | Scr Mat Min Exi Min Total 1429 | 80 130 706 511 2 Wait 15 | . 5 2 8 . Move 1319 | 62 108 671 476 2 Hop . | . . . . . Pick Up 14 | 3 6 2 3 . Fast Attach 11 | 7 3 1 . . Attach 6 | . . . 6 . Detach . | . . . . . Swap 8 | 1 1 3 3 . Drop 6 | . 4 2 . . Fire 19 | 7 3 6 3 . Melee 31 | . . 19 12 . Ram . | . . . . . Kick . | . . . . . Crush . | . . . . . Escape Stasis . | . . . . . Rewire . | . . . . . Trap . | . . . . . Miscellaneous . | . . . . . Route ------- -11/Scrapyard -10/Materials -10/Mines (discovered 3 exits: [*Mat x2] / *Exi) -10/Exiles (discovered 2 exits: *Min x2) -9/Mines History --------- Turn | Location | Event 8 | -11/Scrapyard | Discovered new exit (range 16) 84 | -11/Scrapyard | Entered Materials 176 | -10/Materials | Discovered new exit (range 14) 211 | -10/Materials | Entered Mines 285 | -10/Mines | Met a Derelict bent on vengeance 305 | -10/Mines | Build established: Mutant 329 | -10/Mines | A weapon hastily lodged in a ceiling crevice suddenly fell to the ground 359 | -10/Mines | Found a damaged Exp. Sensor Array with a note attached 362 | -10/Mines | Found Prototype Device 498 | -10/Mines | Discovered new exit (range 11) 921 | -10/Mines | Deemed a non-threat by the Exiles lab entrance 922 | -10/Mines | Discovered new exit (range 5) 946 | -10/Mines | Discovered new exit (range 3) 1002 | -10/Mines | Entered Exiles 1003 | -10/Exiles | Identified exit to Mines 1062 | -10/Exiles | Met 8R-AWN 1084 | -10/Exiles | Met EX-HEX 1143 | -10/Exiles | Met EX-BIN 1330 | -10/Exiles | Aligned with FarCom system 1331 | -10/Exiles | Given EX-Vault access code 1358 | -10/Exiles | Opened EX-Vault 1374 | -10/Exiles | Found Flying Fortress v7 1397 | -10/Exiles | Warned to stay clear of 0b10 Research branches 1460 | -10/Exiles | Attacked by the Exiles 1501 | -10/Exiles | Core integrity fell below 50% 1531 | -10/Exiles | Lost 3 parts (1p1n1w) 1555 | -10/Exiles | Destroyed 7 combat bots 1575 | -10/Exiles | Core integrity fell below 20% 1614 | -10/Exiles | Left Exiles lab with Flying Fortress v7 1614 | -10/Exiles | Entered Mines 1618 | -9/Mines | Destroyed by G-34 Mercenary with Small Laser Last Messages --------------- 01588_ Penetrated by HV Slug. 01588_ HV Slug penetrates Wall. 01591_ HV Slug penetrates Earth. 01591_ Penetrated by HV Slug. 01591_ HV Slug penetrates Wall. 01593_ Penetrated by HV Slug. 01593_ HV Slug penetrates Wall. 01593_ Penetrated by HV Slug. 01593_ HV Slug penetrates Wall. 01597_ Penetrated by HV Slug. 01597_ HV Slug penetrates Earth. 01597_ Penetrated by HV Slug. 01597_ Lgt. Assault Rifle destroyed. 01597_ HV Slug penetrates Earth. 01613_ Penetrated by HV Slug. 01613_ HV Slug penetrates Wall. 01613_ Penetrated by HV Slug. 01613_ HV Slug penetrates Wall. LOCATION=MINES GOAL=ESCAPE Map ----- +----------------------------------------------------+ | ??????????????????????????????? | | ??????????????????????????????? | | ??????????????????????????????? | | ??????????????????????????????? | | ??????????????????????????????? | | ??????????????????????????????? | | ??????????????????????????????? | | ??????????????????????????????? | | ??????????????????????????????? | | ??????????????????????????????? | | ??????????????????????????????? | | ??????????????????????????????? | | ??????????????????????????????? | | ??????????????????????????????? | | ??????????????????????????????? | | ??????????????????????????????? | | ??????????????????????????????? | | ???# ?????????????????????????? | | ???# ?????????????????????????? | | ?### ###??????????????????????? | | ?# g #??????????????????????? | | ?# """g#??????????????????????? | | ?# """ #??????????????????????? | | ?# """ #??????????????????????? | | ?# g #??????????????????????? | | ?# @#??????????????????????? | | ?# #??????????????????????? | | ?# #??????????????????????? | | ?# #??????????????????????? | | ?#######??????????????????????? | | ??????????????????????????????? | | ??????????????????????????????? | | ??????????????????????????????? | | ??????????????????????????????? | | ??????????????????????????????? | | ??????????????????????????????? | | ??????????????????????????????? | | ??????????????????????????????? | | ??????????????????????????????? | | ??????????????????????????????? | | ??????????????????????????????? | | ??????????????????????????????? | | ??????????????????????????????? | | ??????????????????????????????? | | ??????????????????????????????? | | ??????????????????????????????? | | ??????????????????????????????? | | ??????????????????????????????? | | ??????????????????????????????? | | ??????????????????????????????? | +----------------------------------------------------+ Best States ------------- Heat Dissipation 25 Energy Generation 10 Energy Capacity 125 Matter Stores 300 Matter Capacity 300 Sight Range 16 Robot Scan Range 10 Terrain Scan Range 16 Terrain Scan Density 10 Resistance: KI 20 Resistance: TH 20 Resistance: EX 20 Resistance: EM 20 Resistance: I 20 Resistance: S 20 Resistance: P 20 Evasion (%) 44 Offensive Hacking 10 Item Schematics ----------------- None Robot Schematics ------------------ None Fabricated ------------ Nothing Alien Tech Used ----------------- None Achievements -------------- None Challenges ------------ None Game ------ Seed SeismicHoverLaser Manual? 0 Play Time 00:24:05 Cumulative 85.3 hours Start 2020.11.26 @ 18:00:43 End 2020.11.26 @ 18:31:09 Sessions 1 Manual Loads 0 Difficulty Adventurer Special Mode Halloween2020/ForbiddenLore Game No. 14 Rogue 0 Adventurer 14 Explorer 0 Win Type - Total 2 Types 2/0/0/0/0/0/0/0/0 Lore% 25 Gallery% 47 Achievement% 35 Wizard Run 0 Options --------- ASCII 0 Keyboard 0 Movement Arrows Keybinds 0 Fullscreen 1 Font 20/Terminus Map View 66x50 Tactical HUD 1 Map Filters NONE Filters NONE Steam 1 RUN: 8b5428a6-a0bb-4566-a582-163856ed4672